 Dungeon Crawl Stone Soup version 0.30-a0-777-ga9a30cbeda (webtiles) character file.

Game seed: 11823455826026093122

92 jimonade the Ogre Mage (level 4, -5/40 HPs)
             Began as an Ogre Venom Mage on Feb 13, 2023.
             Killed from afar by an orc wizard (10 damage)
             ... with a puff of flame
             ... on level 3 of the Dungeon on Feb 14, 2023.
             The game lasted 00:05:58 (2466 turns).

jimonade the Ogre Mage (Ogre Venom Mage)            Turns: 2466, Time: 00:05:59

Health: -5/40      AC:  3    Str: 14    XL:     4   Next: 60%
Magic:  10/10      EV: 10    Int: 16    God:
Gold:   186        SH:  0    Dex:  9    Spells: 8/11 levels left

rFire   . . .      SeeInvis .    a - +6 shillelagh "Devastator" {shatter}
rCold   . . .      Faith    .    (no shield)
rNeg    . . .      Spirit   .    n - +0 robe
rPois   .          Reflect  .    (helmet restricted)
rElec   .          Harm     .    (no cloak)
rCorr   .          Rampage  .    (gloves unavailable)
Will    .....                    (boots unavailable)
Stlth   +                        (no amulet)
HPRegen 0.26/turn                (no ring)
MPRegen 0.12/turn                (no ring)

@: no status effects
A: large, unfitting armour, tough skin 1
a: no special abilities


You were on level 3 of the Dungeon.
You visited 1 branch of the dungeon, and saw 3 of its levels.

You collected 186 gold pieces.

Inventory:

Hand Weapons
 a - the +6 shillelagh "Devastator" (weapon) {shatter}
   (You found it on level 2 of the Dungeon)
 q - a +0 sling
 y - the +6 spear "Geiri" {freeze, Int+3 Stlth+}
   (You found it on level 2 of the Dungeon)

   Int:       It affects your intelligence (+3).
   Stlth:     It makes you more stealthy.
Missiles
 d - 27 stones
 h - a throwing net
Armour
 n - a +0 robe (worn)
Magical Staves
 b - a staff of poison
 o - a staff of conjuration
 s - a staff of death
Wands
 w - a wand of flame (8)
Scrolls
 g - 4 scrolls of noise {unknown}
 m - a scroll of teleportation {unknown}
 r - a scroll of enchant weapon {unknown}
 t - a scroll of magic mapping {unknown}
 u - a scroll of amnesia {unknown}
 x - a scroll of brand weapon {unknown}
Potions
 c - 2 potions of curing {unknown}
 e - a potion of degeneration {unknown}
 f - 2 potions of haste {unknown}
 i - a potion of heal wounds {unknown}
 j - a potion of lignification {unknown}
 k - a potion of cancellation {unknown}
 l - a potion of resistance {unknown}
 p - 2 potions of brilliance {unknown}
 v - 3 potions of magic


   Skills:
 + Level 0.3 Fighting
 + Level 2.0 Dodging
 - Level 1.4 Stealth
 * Level 4.3 Spellcasting
 - Level 0.8 Transmutations
 + Level 3.4 Poison Magic


You had 8 spell levels left.
You knew the following spells:

 Your Spells              Type           Power      Damage    Failure   Level
a - Sting                 Tmut/Pois      40%        1d5       7%          1
b - Poisonous Vapours     Pois/Air       16%        N/A       12%         2

Your spell library contained the following spells:

 Spells                   Type           Power      Damage    Failure   Level
 Mephitic Cloud           Conj/Pois/Air  7%         N/A       30%         3
 Olgreb's Toxic Radiance  Pois           14%        N/A       36%         4


Dungeon Overview and Level Annotations

Branches:
Dungeon (3/15)

Altars:
Elyvilon


Innate Abilities, Weirdness & Mutations

You are too large for most types of armour.
You have tough skin. (AC +1)


Message History

You feel less confused. Something hits you. The worm bites you.
The giant cockroach bites you but does no damage.
Something hits you. Something hits you but does no damage. Something hits you.
Something hits you but does no damage.
The giant cockroach attacks as you move away!
The giant cockroach barely misses you. Something hits you but does no damage.
Something hits you. Something hits you but does no damage.
The giant cockroach attacks as you move away!
The giant cockroach bites you but does no damage.
A magic dart appears from out of thin air!
The magic dart hits you.
* * * LOW HITPOINT WARNING * * *
The giant cockroach waves its antennae.
The giant cockroach attacks as you move away!
The giant cockroach closely misses you.
You hit the giant cockroach.
The giant cockroach shudders.
You kill the giant cockroach!
Something hits you.
* * * LOW HITPOINT WARNING * * *
Something hits you but does no damage. Something hits you.
* * * LOW HITPOINT WARNING * * *
Something hits you.
* * * LOW HITPOINT WARNING * * *
An orc wizard appears from thin air!
Reactivating autopickup.
The orc wizard attacks as you move away!
The orc wizard hits you with a +0 dagger.
* * * LOW HITPOINT WARNING * * *
The orc wizard gestures at you while chanting.
The magic dart hits you.
* * * LOW HITPOINT WARNING * * *
The orc wizard casts a spell at you. The puff of flame hits you!
You die...

##..#### #.###### ##....######
#...#### ####..#...#### ###.#...
#..........# #########.#.## ###
#.[........# #.........#.# ..#
#......[...# #.....#####.## #
#..........# #.....#....... #
#.......########.....#.###.##
.....)......o..@..+....<........
##########.....####....##.###.##
#####....#######.....##
####..#############
##...##......... ###........#<..
###...##.#### #.....# . #
#.#.#.# #.#


You could see an orc wizard.

Vanquished Creatures
  2 adders
  2 worms (D:2)
  2 dart slugs
  4 orcs (D:3)
  8 ball pythons
  4 endoplasms
  3 giant cockroaches
  5 goblins
  4 hobgoblins
  6 jackals (D:1)
  4 kobolds
  2 quokkas
  A bat (D:1)
  2 frilled lizards
  3 rats
52 creatures vanquished.

Notes
Turn   | Place    | Note
-------+----------+-------------------------------------------
     0 | D:1      | jimonade the Ogre Venom Mage began the quest for the Orb.
     0 | D:1      | Reached XP level 1. HP: 16/16 MP: 3/3
   324 | D:1      | Reached XP level 2. HP: 24/24 MP: 3/5
   435 | D:1      | Reached skill level 3 in Spellcasting
   750 | D:1      | Reached XP level 3. HP: 31/31 MP: 4/7
  1481 | D:2      | Identified the +6 spear "Geiri" {freeze, Int+3 Stlth+}
  1736 | D:2      | Reached XP level 4. HP: 39/39 MP: 9/9
  1739 | D:2      | Learned a level 2 spell: Poisonous Vapours
  1758 | D:2      | Reached skill level 4 in Spellcasting
  1974 | D:2      | Found the +6 shillelagh "Devastator" {shatter}
  2417 | D:3      | Found a white marble altar of Elyvilon.
  2466 | D:3      | Killed from afar by an orc wizard

Illustrated notes

Levels and vault maps discovered:
D:1:      ncdulo_wetmaze, layout_loops_cross
D:2:      layout_loops_ring, serial_bayou_lagoon_a, kennysheep_generic_room_13
D:3:      layout_basic, zin_purify, nicolae_ru_awakened_eye, vehumet_statue,
          elyvilon_altar_5, shapermc_ecumenical_altar_venn

Skill      XL: |  1  2  3  4 |
---------------+-------------+-----
Spellcasting   | 3 4 |  4.3
Poison Magic   | 3 |  3.4
Dodging        | 2 |  2.0
Fighting       | |  0.3
Stealth        | |  1.4
Transmutations | |  0.8

Action                     |  1- 3 |  4- 6 || total
---------------------------+-------+-------++-------
  Melee: Unarmed           |    33 |       ||    33
         Spear             |    16 |    11 ||    27
         Shillelagh        |       |    20 ||    20
   Cast: Sting             |    49 |       ||    49
   Stab: Sleeping          |     2 |     1 ||     3
 Armour: Robe              |    22 |    12 ||    34
  Dodge: Dodged            |    35 |    10 ||    45

Table legend: (Time is in decaauts)
 A = Elapsed time spent in this place.
 B = Non-inter-level travel time spent in this place.
 C = Inter-level travel time spent in this place.
 D = Time resting spent in this place.
 E = Time spent auto-exploring this place.
 F = Levels seen in this place.
 G = Mean time per level.
                   A        B        C        D        E       F      G
               +--------+--------+--------+--------+--------+-----+--------+
         Total |   2471 |   2278 |    193 |     61 |   1717 |   3 |  823.7 |
       Dungeon |   2471 |   2278 |    193 |     61 |   1717 |   3 |  823.7 |
               +--------+--------+--------+--------+--------+-----+--------+

Top non-repeatable levels by time:
     D:1: 1194 daAuts
     D:2: 1018 daAuts
     D:3: 258 daAuts
